 Dungeon Crawl Stone Soup version 0.19-a0-1682-g5114f93 (webtiles) character file.

1157 FrankyJ the Skirmisher (level 8, -1/87 HPs)
             Began as a Troll Chaos Knight on Sept 25, 2016.
             Slain by a hippogriff (8 damage)
             ... on level 7 of the Dungeon.
             The game lasted 00:19:44 (4703 turns).

FrankyJ the Skirmisher (Troll Chaos Knight)         Turns: 4703, Time: 00:19:45

Health: -1/87      AC:  8    Str: 23    XL:     8   Next: 16%
Magic:  7/7        EV: 10    Int:  6    God:    Xom [...*..]
Gold:   267        SH:  0    Dex:  5    Spells: 0 memorised, 7 levels left

rFire  + . .     SeeInvis .       - Unarmed
rCold  . . .     Gourm    +     a - +2 robe
rNeg   . . .     Faith    .     (no shield)
rPois  .         Spirit   .     (helmet restricted)
rElec  .         Dismiss  .     j - +0 cloak
rCorr  .         Reflect  .     (gloves unavailable)
MR     .....     Harm     .     (boots unavailable)
Stlth  +......... Clarity  +    (no amulet)
                                (no ring)
                                (no ring)

@: cleaving
A: unfitting armour, antennae 1, claws 3, clarity, clumsy 2, deformed body,
dopey 1, fire resistance 1, fast metabolism 3, gourmand, regeneration 1, shaggy
fur 1, tough skin 2
a: Renounce Religion


You were on level 7 of the Dungeon.
You worshipped Xom.
You were a favourite toy of Xom.
You were very full.

You visited 1 branch of the dungeon, and saw 7 of its levels.

You collected 267 gold pieces.

Inventory:

Missiles
 c - 8 curare-tipped needles
 m - a throwing net (quivered)
 z - 19 poisoned needles
 F - 4 tomahawks
Armour
 a - a +2 robe (worn)
 j - a +0 cloak (worn)
Jewellery
 g - an uncursed ring of poison resistance {unknown}
 n - an uncursed ring of wizardry {unknown}
 r - a +4 ring of slaying {unknown}
 t - an uncursed ring of poison resistance {unknown}
 y - an uncursed ring of stealth {unknown}
Wands
 D - a wand of enslavement (6/24)
 E - a wand of flame (38/48)
 H - a wand of flame (26/48)
Scrolls
 p - 4 scrolls of remove curse
 q - a scroll of noise
 u - 2 scrolls of enchant weapon
 w - 2 scrolls of identify {unknown}
 x - a scroll of recharging {unknown}
 A - 2 scrolls of magic mapping {unknown}
Potions
 d - 2 potions of lignification {unknown}
 l - 2 potions of brilliance {unknown}
 v - 4 potions of curing {unknown}
 B - a potion of resistance {unknown}
 G - 2 potions of flight {unknown}
Comestibles
 b - 7 bread rations
 f - a slice of pizza
 i - 3 meat rations
 s - 3 fruits
 C - a beef jerky


   Skills:
 * Level 7.2 Fighting
 + Level 4.8 Dodging
 - Level 3.0 Unarmed Combat


You had 7 spell levels left.
You didn't know any spells.

Dungeon Overview and Level Annotations

Branches:
Dungeon (7/15)             Temple (0/1) D:7

Altars:
Cheibriados
Dithmenos
Elyvilon
Hepliaklqana
Nemelex Xobeh
Okawaru
Qazlal
Sif Muna
Xom
The Shining One

Shops:
D:4 =

Annotations:
D:4 Eustachio


Innate Abilities, Weirdness & Mutations

You are too large for most types of armour.
You have claws for hands.
Your metabolism is lightning-fast.
You like to eat raw meat.
Your natural rate of healing is unusually fast.
You are covered in fur. (AC +1)
You have very tough skin. (AC +2)
You have a pair of small antennae on your head.
You possess an exceptional clarity of mind.
You are very clumsy. (Dex -4)
Armour fits poorly on your strangely shaped body.
You are dopey. (Int -2)
Your flesh is heat resistant. (rF+)


Message History

The hippogriff bites you! The hippogriff pecks you.
* * * LOW HITPOINT WARNING * * *
The hippogriff closely misses you.
You barely miss the hippogriff. You claw the hippogriff.
The hippogriff is almost dead.
You barely miss the hippogriff. The hippogriff barely misses you.
The hippogriff pecks you.
* * * LOW HITPOINT WARNING * * *
The hippogriff barely misses you. The hippogriff bites you!
* * * LOW HITPOINT WARNING * * *
The hippogriff pecks you.
* * * LOW HITPOINT WARNING * * *
The hippogriff claws you but does no damage.
You scratch the hippogriff.
The hippogriff is almost dead.
You scratch the hippogriff. The hippogriff bites you.
* * * LOW HITPOINT WARNING * * *
The hippogriff pecks you!
You die...
Xom snickers!

#.#######
#.......
......
#....#
#....#
#....#
###.##.H..#
......H@..#
###.#######


You could see 2 hippogriffs.

Vanquished Creatures
  Grinder (D:4)
  The ghost of Kallandras the Sneak, an amateur VSEn (D:3)
  A phantom (D:5)
  An ogre (D:4)
  A crimson imp (D:5)
  2 jellies (D:5)
  An orc priest (D:4)
  A bullfrog skeleton (D:5)
  A centaur skeleton (D:4)
  An orc wizard (D:5)
  3 worker ants
  A hound zombie (D:5)
  3 gnolls (D:5)
  A howler monkey skeleton (D:4)
  5 adders
  An adder skeleton (D:4)
  3 worms
  2 dart slugs (D:1)
  3 leopard geckos
  10 orcs
  7 giant cockroaches
  4 goblins
  5 hobgoblins
  6 jackals (D:4)
  2 quokkas (D:3)
  A ball python (D:5)
  4 bats
  7 frilled lizards
  A giant cockroach zombie (D:5)
  6 kobolds
  A quokka skeleton (D:4)
  11 rats
98 creatures vanquished.

Vanquished Creatures (collateral kills)
  A hungry ghost (D:7)
  An orc warrior (D:7)
  A wyvern skeleton (D:7)
  A scorpion (D:7)
  2 orc wizards (D:7)
  An orc priest (D:7)
  3 orcs (D:7)
10 creatures vanquished.

Grand Total: 108 creatures vanquished

Notes
Turn   | Place    | Note
-------+----------+-------------------------------------------
     0 | D:1      | FrankyJ the Troll Chaos Knight began the quest for the Orb.
     0 | D:1      | Reached XP level 1. HP: 22/22 MP: 0/0
   191 | D:1      | XOM: harmless Chrm miscast
   264 | D:1      | XOM: enchant monster (bad)
   351 | D:1      | Found a glowing golden altar of the Shining One.
   359 | D:1      | Reached XP level 2. HP: 29/29 MP: 1/1
   699 | D:1      | Reached skill level 3 in Fighting
   870 | D:1      | XOM: give mutation
   870 | D:1      | Gained mutation: You are dopey. (Int -2) [Xom's mischief]
   924 | D:2      | Reached XP level 3. HP: 33/37 MP: 2/2
   935 | D:2      | XOM: give mutations
   935 | D:2      | Gained mutation: You are clumsy. (Dex -2) [Xom's mischief]
   935 | D:2      | Gained mutation: You are very clumsy. (Dex -4) [Xom's mischief]
   935 | D:2      | Gained mutation: Your flesh is heat resistant. (rF+) [Xom's mischief]
   935 | D:2      | Gained mutation: Armour fits poorly on your strangely shaped body. [Xom's mischief]
   964 | D:2      | XOM: medium Pois miscast
   989 | D:2      | XOM: enchant monster (good)
  1023 | D:2      | XOM: divination: detect creatures
  1088 | D:2      | XOM: 1-stop teleportation journey
  1465 | D:2      | Found a sparkling altar of Nemelex Xobeh.
  1474 | D:2      | Found a shadowy altar of Dithmenos.
  1800 | D:3      | XOM is BORED!
  1941 | D:3      | XOM: 9-stop teleportation journey
  1946 | D:3      | Reached XP level 4. HP: 48/48 MP: 3/3
  1967 | D:3      | Noticed Kallandras's ghost (amateur VSEn)
  1976 | D:3      | XOM: divination: detect items
  1981 | D:3      | Killed Kallandras's ghost
  1981 | D:3      | Reached skill level 4 in Fighting
  1981 | D:3      | Reached XP level 5. HP: 49/55 MP: 4/4
  2220 | D:4      | Found an iron altar of Okawaru.
  2221 | D:4      | Found a deep blue altar of Sif Muna.
  2223 | D:4      | Found a stormy altar of Qazlal.
  2420 | D:4      | Noticed an ogre
  2428 | D:4      | XOM: butterfly on damage
  2510 | D:4      | Killed an ogre
  2510 | D:4      | Reached XP level 6. HP: 65/65 MP: 5/5
  2514 | D:4      | Reached skill level 5 in Fighting
  2545 | D:4      | XOM: confuse monster(s)
  2739 | D:4      | XOM: give mutations
  2739 | D:4      | Gained mutation: You have a pair of small antennae on your head. [Xom's grace]
  2739 | D:4      | Gained mutation: You possess an exceptional clarity of mind. [Xom's grace]
  2820 | D:4      | Noticed Grinder
  2822 | D:4      | Found a white marble altar of Elyvilon.
  2836 | D:4      | Killed Grinder
  2836 | D:4      | Reached XP level 7. HP: 30/74 MP: 6/6
  2837 | D:4      | Found a shimmering altar of Xom.
  2978 | D:4      | Found a snail-covered altar of Cheibriados.
  2978 | D:4      | Found a glowing golden altar of the Shining One.
  2978 | D:4      | Noticed Eustachio
  3022 | D:4      | Found Xiesu's Jewellery Boutique.
  3206 | D:4      | Found a hazy altar of Hepliaklqana.
  3227 | D:4      | XOM: polymorph jackal -> giant cockroach
  3374 | D:5      | Entered Level 5 of the Dungeon
  3426 | D:5      | Reached skill level 6 in Fighting
  3649 | D:5      | XOM: harmless Tloc miscast
  4402 | D:6      | Noticed a dagger
  4408 | D:6      | XOM: summons friendly ufetubus
  4414 | D:6      | XOM: harmless Necr miscast
  4426 | D:6      | XOM: summons friendly crimson imp
  4429 | D:7      | Found a staircase to the Ecumenical Temple.
  4540 | D:7      | XOM: enchant monster (bad)
  4542 | D:7      | HP: 3/76 [wyvern zombie (8)]
  4548 | D:7      | XOM: cleaving
  4550 | D:7      | XOM: confuse monster(s)
  4556 | D:7      | Noticed a hungry ghost
  4562 | D:7      | XOM: summons friendly iron imp
  4565 | D:7      | XOM: cast spell 'Summon Horrible Things'
  4573 | D:7      | Killed a hungry ghost
  4573 | D:7      | Reached skill level 7 in Fighting
  4573 | D:7      | Reached XP level 8. HP: 21/87 MP: 7/7
  4692 | D:7      | Noticed a hippogriff
  4694 | D:7      | Noticed a hippogriff
  4703 | D:7      | Slain by a hippogriff

Vault maps used:
D:1:      dpeg_arrival_lava_temple_mockup, minivault_27, tso_metal_star
D:2:      amethyst_overflow_temple_binary, st_stairs_12, minmay_crystal_water
D:4:      gammafunk_temple_overflow_forgotten, nicolae_overflow_hidden_temple,
          serial_shops, kennysheep_little_box, uniq_grinder, uniq_eustachio
D:5:      first_bread
D:6:      dancing_weapons_uskayaw, uniq_sigmund

Skill      XL: |  1  2  3  4  5  6  7 |
---------------+----------------------+-----
Dodging        | 2 3 4 |  4.8
Fighting       | 3 4 5 7 |  7.2
Unarmed Combat | |  3.0

Action                   |  1- 3 |  4- 6 |  7- 9 || total
-------------------------+-------+-------+-------++-------
Melee: Unarmed           |   146 |    97 |   128 ||   371
       Punch             |     1 |     1 |     4 ||     6
  Use: Scroll            |     1 |     1 |     8 ||    10
       Potion            |       |       |     1 ||     1
 Stab: Confused          |       |     2 |       ||     2
  Eat: Chunk             |    22 |     6 |    19 ||    47
Armor: Robe              |    82 |    25 |    45 ||   152
Dodge: Dodged            |    86 |    35 |    74 ||   195
